cohdb
Replays
Latest Replays
All Replays
Popular Replays
Top Player Replays
Match Explorer
How It Works
Community
CoH3 Stats
Reddit
Sign in to upload your games and track your stats! →
Sign in with Steam
Match 41889031
Unlisted
Match 41889031
Overview
Messages
Build Orders
End
Selects Italian Coastal Battlegroup
Selects Coastal Reserves
Coastal Reserve
Coastal Reserve
Coastal Reserve
Construct Infanterie Kompanie
Construct Panzergrenadier Kompanie
MG 42 Bunker
MG 42 Machine Gun Team
Pak 40 Anti-tank Gun Team
Selects Support Bunkers
Pak 40 Anti-tank Gun Team
MG 42 Bunker
Construct Panzer Kompanie
Selects Designated Artillery Overwatch
Stoßtruppen Squad
Stoßtruppen Squad
Designated Artillery Overwatch
Selects Artillery Officer
Artillery Officer
MG 42 Bunker
Designated Artillery Overwatch
Selects Coastal Wall
Medical Bunker
Empty_Can
rpadi
Bran
Dillbro
0
0
Comments
sign in to comment!
No comments posted yet!